 Dungeon Crawl Stone Soup version 0.23.0 (webtiles) character file.

Game seed: 14079261334255903744

233899 BarneyGumball the Peltast (level 18, -4/173 HPs)
             Began as a Minotaur Berserker on Feb 22, 2019.
             Was a High Priest of Trog.
             Slain by an emperor scorpion (7 damage)
             ... on level 4 of the Spider Nest.
             The game lasted 01:00:26 (28047 turns).

BarneyGumball the Peltast (Minotaur Berserker)     Turns: 28047, Time: 01:00:26

Health: -4/173     AC: 19    Str: 31 (32) XL:     18   Next: 86%
Magic:  0/22       EV:  9    Int:  3 (4)  God:    Trog [*****.]
Gold:   1484       SH: 23    Dex: 10      Spells: 17/17 levels left

rFire    . . .     SeeInvis +   a - +7 broad axe (vamp)
rCold    . . .     Gourm    +   W - +0 large shield
rNeg     . . .     Faith    .   p - +2 chain mail {rPois}
rPois    +         Spirit   .   (helmet restricted)
rElec    .         Reflect  .   S - scarf {cloud immunity}
rCorr    .         Harm     .   n - +1 pair of gloves
MR       +++..                  (no boots)
Stlth    ..........             N - amulet of the gourmand
HPRegen  1.38/turn              e - +3 ring of slaying
MPRegen  0.18/turn              F - ring of Kuselool {Wiz Str+2 SInv}

@: lethally poisoned (-4 -> -6), about to teleport, regenerating, studying
Fighting, very slow
A: retaliatory headbutt, horns 2
}: 1/15 runes: decaying
a: Berserk, Trog's Hand, Brothers in Arms, Renounce Religion


You were on level 4 of the Spider Nest.
You worshipped Trog.
Trog was extremely pleased with you.
You were very full.

You visited 5 branches of the dungeon, and saw 31 of its levels.
You also visited: Sewer and Bailey.

You collected 3255 gold pieces.
You spent 1771 gold pieces at shops.

Inventory:

Hand Weapons
 a - a +7 vampiric broad axe (weapon)
 b - a +4 broad axe of flaming
Missiles
 B - 8 javelins of returning
 Y - a throwing net (quivered)
Armour
 k - the +9 plate armour "Ivuna" {MR+ Str+4 Dex+2 Slay-5}
   (You found it on level 9 of the Dungeon)

   It affects your strength (+4).
   It affects your dexterity (+2).
   It affects your accuracy and damage with ranged weapons and melee attacks
   (-5).
   It affects your resistance to hostile enchantments.
 n - a +1 pair of gloves (worn)
 p - a +2 chain mail of poison resistance (worn)
 w - a +3 plate armour
 S - a scarf of cloud immunity (worn)
 W - a +0 large shield (worn)
Jewellery
 e - a +3 ring of slaying (left hand)
 h - a cursed ring of attention {unknown}
 m - an uncursed amulet of rage {unknown}
 F - the ring of Kuselool (right hand) {Wiz Str+2 SInv}
   (You found it on level 5 of the Dungeon)

   [ring of wizardry]

   It improves your spell success rate.
   It affects your strength (+2).
   It lets you see invisible.
 L - a cursed -3 ring of protection {unknown}
 N - an amulet of the gourmand (around neck)
Wands
 r - a wand of polymorph (58)
 v - a wand of flame (36)
 C - a wand of iceblast (21)
 J - a wand of paralysis (13)
 O - a wand of enslavement (18)
 R - a wand of scattershot (6)
 V - a wand of acid (9)
 X - a wand of digging (11)
Scrolls
 f - 8 scrolls of magic mapping
 g - 13 scrolls of teleportation
 i - 5 scrolls of enchant armour
 l - 6 scrolls of fear
 s - 2 scrolls of blinking
 t - 9 scrolls of fog
 E - a scroll of acquirement {unknown}
 G - 10 scrolls of remove curse
 I - 5 scrolls of identify
 M - 4 scrolls of immolation
Potions
 d - 4 potions of heal wounds
 j - 2 potions of invisibility
 o - 5 potions of lignification
 q - 10 potions of agility
 u - 11 potions of curing
 x - a potion of mutation
 z - 6 potions of haste
 A - 2 potions of might
 D - 2 potions of resistance
 K - a potion of berserk rage
 U - a potion of cancellation
 Z - a potion of flight
Books
 y - a manual of Fighting
Comestibles
 c - 29 rations


   Skills:
 + Level 18.6 Fighting
 - Level 18.2 Axes
 + Level 17.7 Armour
 - Level 2.1 Dodging
 * Level 18.9 Shields
 + Level 6.8 Evocations


You had 17 spell levels left.
You didn't know any spells.
Your spell library was empty.

Dungeon Overview and Level Annotations

Branches:
Dungeon (15/15)            Temple (0/1) D:4            Lair (6/6) D:11
  Swamp (4/4) Lair:2       Spider (4/4) Lair:3        Slime (0/5) Lair:5
    Orc (2/2) D:11            Elf (0/3) Orc:2        Vaults (0/5) D:14
 Depths (0/5) D:15

Altars:
Ashenzari
Cheibriados
Dithmenos
Elyvilon
Fedhas
Makhleb
Okawaru
Qazlal
Ru
Sif Muna
Trog
Vehumet
Xom
Zin
The Shining One
Beogh
Jiyva

Shops:
D:5 (   D:6 [   D:11 (   Orc:2 ([*:

Annotations:
D:6 2 transporters, dontdoit's ghost, amateur FoAs
D:8 2 transporters, exclusion: statue
D:11 1 runed translucent door, Blackhawk's ghost, journeyman TrMo
Lair:3 3 runed translucent doors, Befuwnopp's ghost, journeyman TrHu
Lair:4 exclusion: 2 oklob plants
Lair:6 1 runed translucent door, edsrzf's ghost, journeyman DETm


Innate Abilities, Weirdness & Mutations

You reflexively headbutt those who attack you in melee.
You have a pair of horns on your head.


Message History

The emperor scorpion claws you.
* * * LOW HITPOINT WARNING * * *
Your troll misses the emperor scorpion.
Your troll claws the emperor scorpion but does no damage.
Your troll claws the emperor scorpion!
Your stone giant rages.
You block the wolf spider's attack. The wolf spider bites you.
* * * LOW HITPOINT WARNING * * *
The demonic crawler hits you but does no damage.
The demonic crawler barely misses you.
The demonic crawler hits you but does no damage.
You block the ghost moth's attack.
The ghost moth hits you but does no damage.
The ghost moth stings you.
* * * LOW HITPOINT WARNING * * *
The moth of wrath goads the wolf spider on!
The wolf spider goes berserk!
The emperor scorpion stings you!!
* * * LOW HITPOINT WARNING * * *
The emperor scorpion claws you!
You die...

#.≈≈≈.#,,,*,,,,,,,,,**,,*,,,,,
#.≈≈.##.,,*,,,,,,,,,*,,,*≈,*,,
#.≈≈.^#..,*,*******,*,,,*≈,,,,
#≈#≈..##..*,,,,,,,,,*,,,*≈≈,,,
#≈≈≈..#...########**#^,,**≈,,,
#≈≈...#..(..≈≈..≈#*^..,,*≈≈,,,
#≈.#.^#.^.^.≈#≈.≈#s(..*,*≈≈≈,*
#....)#.#..≈y≈s≈≈≈≈≈.,,,*≈≈≈≈,
#...†##^..≈ss@s≈≈#≈≈≈,,,*,≈≈≈,
#.....########T≈≈####****,≈*≈≈
#..........≈≈≈≈ys≈≈≈..,,,,,≈≈≈
#.....#≈≈≈≈≈≈#≈≈≈≈≈≈C#,,,,,,,,
#.^≈≈≈≈≈≈≈≈≈≈≈≈≈≈#≈s..,,,,,,,,
#≈≈#≈≈≈.....≈≈≈.......,,,,,,,*
#≈≈≈≈...^.#..^........,,,*,,,,
######################********


You could see 2 emperor scorpions, a ghost moth (invisible), a demonic crawler,
a wolf spider (berserk), a moth of wrath, 3 jumping spiders, a friendly stone
giant (berserk) and a friendly troll (berserk).

Vanquished Creatures
  Rupert (D:14)
  3 orc warlords (Orc:1)
  An emperor scorpion (Spider:4)
  A very ugly thing (Swamp:3)
  Azrael (Spider:3)
  An entropy weaver (Spider:2)
  Josephine (D:11)
  17 hydras
  A yaktaur captain (D:15)
  A vault guard (D:14)
  A catoblepas (Lair:3)
  3 centaur warriors
  Erica (Lair:1)
  A ghost crab (Swamp:4)
  An ogre mage (D:15)
  A merfolk avatar (Lair:6)
  2 shambling mangroves (Swamp:4)
  8 alligators (Swamp:1)
  A death knight (D:14)
  10 two-headed ogres
  3 death yaks
  A tengu warrior (D:14)
  3 orc high priests (Orc:1)
  A spriggan berserker (Swamp:4)
  Nergalle (Orc:1)
  2 unseen horrors (D:11)
  9 swamp dragons (Swamp:4)
  13 orc knights
  A phantasmal warrior (D:14)
  A harpy (Lair:6)
  6 orb spiders
  8 ugly things
  6 orc sorcerers
  A manticore (D:11)
  A deep elf mage (D:15)
  5 cyclopes
  3 centaur zombies
  4 elephants (Lair:6)
  18 wolf spiders
  4 molten gargoyles (D:12)
  2 torpor snails
  2 black mambas
  8 spiny frogs
  A gargoyle (D:15)
  2 spectral redbacks (Spider:4)
  5 rime drakes
  2 freezing wraiths (D:14)
  An efreet (D:15)
  11 komodo dragons
  A yaktaur (D:15)
  A tengu conjurer (D:15)
  3 demonic crawlers
  9 trolls
  10 hornets
  Prince Ribbit (D:8)
  4 tyrant leeches
  9 blink frogs
  21 jumping spiders
  5 polar bears
  9 hippogriffs
  2 spectral tarantellas (Spider:4)
  11 dream sheep (Lair:6)
  13 slime creatures
  10 bog bodies
  31 redbacks
  2 water elementals (D:15)
  2 vampires
  A spriggan (D:7)
  A shadow (Swamp:1)
  2 fire elementals (Spider:2)
  6 wraiths
  4 wyverns
  34 yaks
  19 tarantellas
  3 basilisks
  4 hungry ghosts
  4 vampire mosquitoes
  5 swamp worms
  An acid dragon (D:15)
  7 wargs
  6 water moccasins
  A soldier ant (D:15)
  6 porcupines
  7 hell hounds
  6 swamp drakes
  52 orc warriors
  A meliai simulacrum (D:14)
  An eye of draining (D:14)
  5 ice beasts
  5 phantoms
  2 sky beasts
  2 black bears (D:8)
  4 necrophages
  15 ogres
  9 centaurs
  17 wolves
  14 crocodiles
  A big kobold (D:12)
  A gnoll sergeant (D:8)
  23 bullfrogs
  A wyvern zombie (D:12)
  A wyvern skeleton (D:8)
  3 scorpions
  11 killer bees
  2 electric eels (D:15)
  A howler monkey (D:12)
  6 crimson imps
  A quasit (D:11)
  4 bullfrog zombies
  17 jellies
  26 orc priests
  6 hounds
  2 centaur skeletons
  6 bullfrog skeletons
  27 orc wizards
  8 iguanas
  13 worker ants
  4 hound skeletons
  Robin (D:3)
  14 gnolls
  4 river rats (Sewer)
  17 adders
  A howler monkey skeleton (D:10)
  5 shadow imps
  2 oozes
  An adder skeleton (D:7)
  5 worms
  A dart slug (D:5)
  5 leopard geckos
  135 orcs
  11 ball pythons
  10 giant cockroaches
  41 goblins
  18 hobgoblins
  9 jackals
  14 kobolds
  7 quokkas
  9 bats
  13 frilled lizards
  2 quokka skeletons
  31 rats
  4 fungi
  2 plants
1096 creatures vanquished.

Vanquished Creatures (collateral kills)
  An orc warlord (Bailey)
  Snorg (Lair:4)
  A sea snake (Lair:6)
  A harpy (Lair:6)
  An ugly thing (D:11)
  A spiny frog (Lair:6)
  A komodo dragon (Lair:6)
  2 wind drakes (Lair:6)
  3 blink frogs (Lair:4)
  2 polar bears (Lair:6)
  3 hornets
  A tarantella (Spider:4)
  A redback (Spider:2)
  A wraith (D:11)
  A wyvern (Lair:6)
  2 orc warriors (Bailey)
  A centaur (D:8)
  An ogre (D:8)
  2 crocodiles
  A gnoll sergeant (D:8)
  4 gnolls
  An orc (Bailey)
  A goblin (Bailey)
34 creatures vanquished.

Vanquished Creatures (others)
  A tyrant leech (Swamp:4)
  A killer bee (D:12)
  A bush (Lair:6)
  12 fungi
  8 plants
23 creatures vanquished.

Grand Total: 1153 creatures vanquished

Notes
Turn   | Place    | Note
-------+----------+-------------------------------------------
     0 | D:1      | BarneyGumball the Minotaur Berserker began the quest for
                  | the Orb.
     0 | D:1      | Reached XP level 1. HP: 19/19 MP: 0/0
   256 | D:1      | Reached XP level 2. HP: 23/26 MP: 1/1
   656 | D:2      | Reached ** piety under Trog
   728 | D:2      | Reached XP level 3. HP: 28/31 MP: 2/2
  1138 | D:2      | Reached skill level 5 in Axes
  1229 | D:2      | Found a shattered altar of Ashenzari.
  1310 | D:3      | Reached XP level 4. HP: 28/39 MP: 3/3
  1548 | D:3      | Reached XP level 5. HP: 36/45 MP: 4/4
  1698 | D:3      | Reached *** piety under Trog
  1763 | D:3      | Noticed Robin
  1776 | D:3      | Killed Robin
  1788 | D:3      | Reached XP level 6. HP: 51/51 MP: 5/5
  2138 | D:3      | Reached skill level 5 in Armour
  2493 | D:4      | Reached **** piety under Trog
  2496 | D:4      | Reached XP level 7. HP: 57/57 MP: 6/6
  2731 | D:4      | Found a deep blue altar of Sif Muna.
  2797 | D:4      | Found a staircase to the Ecumenical Temple.
  2950 | D:4      | Found a sacrificial altar of Ru.
  2950 | D:4      | Found a snail-covered altar of Cheibriados.
  2951 | D:4      | Found a glowing silver altar of Zin.
  3249 | D:5      | Entered Level 5 of the Dungeon
  3329 | D:5      | Found a glowing drain.
  3333 | Sewer    | Entered a sewer
  3469 | Sewer    | Reached ***** piety under Trog
  3520 | Sewer    | Received a gift from Trog
  3756 | D:5      | Reached XP level 8. HP: 60/64 MP: 7/7
  3785 | D:5      | Found a white marble altar of Elyvilon.
  3785 | D:5      | Found an iron altar of Okawaru.
  3829 | D:5      | Reached skill level 10 in Axes
  4084 | D:5      | Found a shadowy altar of Dithmenos.
  4449 | D:5      | Found Wufiotha's Antique Weapon Emporium.
  4684 | D:5      | Got a pitted ivory ring
  4794 | D:6      | Identified the ring of Kuselool {Wiz Str+2 SInv} (You found
                  | it on level 5 of the Dungeon)
  4851 | D:6      | Found Veczotuhae's Antique Armour Shop.
  5067 | D:6      | Found a blossoming altar of Fedhas.
  5239 | D:6      | Reached XP level 9. HP: 57/70 MP: 8/8
  5281 | D:6      | Found a transporter.
  5284 | D:6      | Noticed dontdoit's ghost (amateur FoAs)
  5295 | D:6      | Found a transporter.
  6044 | D:7      | Found a stormy altar of Qazlal.
  6393 | D:8      | Found a transporter.
  6440 | D:8      | Found a bloodstained altar of Trog.
  6475 | D:8      | Noticed Prince Ribbit
  6601 | D:8      | Reached skill level 5 in Fighting
  6642 | D:8      | Killed Prince Ribbit
  6697 | D:8      | Paralysed by a hornet for 2 turns
  6704 | D:8      | Paralysed by a hornet for 1 turns
  6842 | D:8      | Found a glowing golden altar of the Shining One.
  6918 | D:8      | Found a radiant altar of Vehumet.
  7004 | D:8      | Reached XP level 10. HP: 82/82 MP: 9/9
  7007 | D:8      | Found a transporter.
  7260 | D:9      | Reached skill level 10 in Armour
  7339 | D:9      | Noticed a two-headed ogre
  7345 | D:9      | Killed a two-headed ogre
  7504 | D:9      | Found a shimmering altar of Xom.
  7699 | D:9      | Got a translucent plate armour
  7710 | D:9      | Identified the +9 plate armour "Ivuna" {MR+ Str+4 Dex+2
                  | Slay-5} (You found it on level 9 of the Dungeon)
  7921 | D:10     | Entered Level 10 of the Dungeon
  7931 | D:10     | Received a gift from Trog
  8106 | D:10     | Reached skill level 15 in Axes
  8235 | D:10     | Received a gift from Trog
  8368 | D:10     | Found a shimmering altar of Xom.
  8430 | D:10     | Reached XP level 11. HP: 93/94 MP: 10/10
  8770 | D:11     | Found Coosych's Weapon Boutique.
  8772 | D:11     | Found a staircase to the Orcish Mines.
  8795 | D:11     | Noticed an unseen horror
  8848 | D:11     | Killed an unseen horror
  8891 | D:11     | Found a staircase to the Lair.
  8902 | D:11     | Identified the +1 robe of Asixom {rElec Str+4 Int+2}
  8982 | D:11     | Noticed Josephine
  9011 | D:11     | Killed Josephine
  9197 | D:11     | Noticed Blackhawk's ghost (journeyman TrMo)
  9203 | D:11     | Found a runed translucent door.
  9321 | D:11     | Noticed an unseen horror
  9328 | D:11     | Killed an unseen horror
  9470 | D:11     | Noticed a red ugly thing
  9500 | D:11     | Killed a red ugly thing
  9715 | Lair:1   | Entered Level 1 of the Lair of Beasts
  9756 | Lair:1   | Noticed a seven-headed hydra
 10103 | D:11     | Killed a seven-headed hydra
 10278 | Lair:1   | Noticed Erica
 10287 | Lair:1   | Killed Erica
 10430 | Lair:1   | Reached XP level 12. HP: 96/106 MP: 3/11
 10616 | Lair:1   | Reached skill level 10 in Fighting
 10832 | Lair:2   | Received a gift from Trog
 11143 | Lair:2   | Noticed an eight-headed hydra
 11150 | Lair:2   | Killed a six-headed hydra
 11278 | Lair:2   | Noticed a six-headed hydra
 11289 | Lair:2   | Killed a three-headed hydra
 11435 | Lair:2   | Noticed a four-headed hydra
 11442 | Lair:2   | Killed a one-headed hydra
 11450 | Lair:2   | Found a staircase to the Swamp.
 11806 | Lair:3   | Found a runed translucent gate.
 11962 | Lair:3   | Found a runed translucent gate.
 11979 | Lair:3   | Noticed a death yak
 12001 | Lair:3   | Killed a death yak
 12048 | Lair:3   | Found a runed translucent gate.
 12051 | Lair:3   | Found a viscous altar of Jiyva.
 12051 | Lair:3   | Noticed Befuwnopp's ghost (journeyman TrHu)
 12096 | Lair:3   | Noticed an eight-headed hydra
 12105 | Lair:3   | Killed a six-headed hydra
 12114 | Lair:3   | Noticed a catoblepas
 12125 | Lair:3   | Killed a catoblepas
 12266 | Lair:3   | Found a hole to the Spider Nest.
 12326 | Lair:3   | Noticed a death yak
 12331 | Lair:3   | Killed a death yak
 12728 | Lair:4   | Reached skill level 1 in Shields
 12952 | Lair:4   | Reached XP level 13. HP: 103/116 MP: 4/12
 12992 | Lair:4   | Noticed Snorg
 12997 | Lair:4   | Killed Snorg
 13504 | Lair:5   | Reached skill level 5 in Shields
 13614 | Lair:5   | Received a gift from Trog
 13620 | Lair:5   | Identified the +3 hand axe of Riuxkil {elec, rN+ Str+5}
                  | (Trog gifted it to you on level 5 of the Lair of Beasts)
 13710 | Lair:5   | Found a staircase to the Slime Pits.
 14229 | Orc:1    | Entered Level 1 of the Orcish Mines
 14240 | Orc:1    | Noticed Nergalle
 14255 | Orc:1    | Killed Nergalle
 14405 | Orc:1    | You fall through a shaft!
 14405 | Orc:2    | Entered Level 2 of the Orcish Mines
 14804 | Orc:2    | Received a gift from Trog
 15004 | Orc:2    | Noticed an orc warlord
 15024 | Orc:1    | Killed an orc warlord
 15100 | Orc:2    | Noticed an orc warlord
 15129 | Orc:1    | Killed an orc warlord
 15514 | Orc:1    | Reached XP level 14. HP: 33/129 MP: 13/13
 15942 | Orc:2    | Reached skill level 10 in Shields
 16085 | Orc:2    | Received a gift from Trog
 16121 | Orc:1    | Reached skill level 15 in Armour
 16311 | Orc:2    | Identified the +7 chain mail "Tuireif" {rF+ Regen+ Int+3}
                  | (You found it on level 2 of the Orcish Mines)
 16455 | Orc:2    | Noticed an orc warlord
 16478 | Orc:1    | Killed an orc warlord
 16638 | Orc:2    | Found Acsint's General Store.
 16643 | Orc:2    | Found Qedo's Antique Armour Emporium.
 16643 | Orc:2    | Found Faylu's Antique Weapon Emporium.
 16645 | Orc:2    | Found Vego's Book Shoppe.
 16670 | Orc:2    | Bought a manual of Fighting for 1435 gold pieces
 16679 | Orc:2    | Bought an embroidered scarf for 224 gold pieces
 16700 | Orc:2    | Bought a scroll of blinking for 112 gold pieces
 16748 | Orc:2    | Found a roughly hewn altar of Beogh.
 16795 | Orc:2    | Found a staircase to the Elven Halls.
 17410 | D:12     | Received a gift from Trog
 17676 | D:12     | Reached ****** piety under Trog
 19155 | D:14     | Found a gate to the Vaults.
 19248 | D:14     | Noticed Rupert
 19249 | D:14     | Paralysed by Rupert for 7 turns
 19271 | D:14     | Killed Rupert
 19326 | D:14     | Reached skill level 15 in Fighting
 19643 | D:14     | Found a flagged portal.
 19647 | D:14     | Received a gift from Trog
 19656 | Bailey   | Entered a bailey
 19758 | Bailey   | Reached XP level 15. HP: 140/141 MP: 14/14
 19813 | Bailey   | Noticed an orc warlord
 19822 | Bailey   | Killed an orc warlord
 19829 | Bailey   | Reached skill level 1 in Evocations
 20229 | D:15     | Entered Level 15 of the Dungeon
 20437 | D:15     | Found a burning altar of Makhleb.
 20589 | D:15     | Received a gift from Trog
 21314 | Lair:6   | Entered Level 6 of the Lair of Beasts
 21460 | Lair:6   | Paralysed by a hornet for 3 turns
 21571 | Lair:6   | Found a runed translucent door.
 21571 | Lair:6   | Found a shimmering altar of Xom.
 21571 | Lair:6   | Noticed edsrzf's ghost (journeyman DETm)
 22912 | D:15     | Found a staircase to the Depths.
 23375 | Swamp:1  | Entered Level 1 of the Swamp
 23504 | Swamp:1  | Reached skill level 15 in Shields
 24756 | Swamp:2  | You fall through a shaft!
 24781 | Swamp:3  | Reached XP level 16. HP: 155/155 MP: 18/18
 24885 | Swamp:4  | Entered Level 4 of the Swamp
 24918 | Swamp:4  | Reached skill level 5 in Evocations
 25722 | Swamp:4  | Received a gift from Trog
 26177 | Swamp:4  | Got a decaying rune of Zot
 26322 | Lair:2   | Reached XP level 17. HP: 163/163 MP: 20/20
 26323 | Lair:2   | Reached XP level 18. HP: 171/171 MP: 21/21
 26467 | Spider:1 | Entered Level 1 of the Spider Nest
 27104 | Spider:2 | Received a gift from Trog
 27122 | Spider:3 | Noticed Azrael
 27244 | Spider:3 | Killed Azrael
 27473 | Spider:4 | Entered Level 4 of the Spider Nest
 27985 | Spider:4 | Received a gift from Trog
 28047 | Spider:4 | HP: 3/173 [emperor scorpion (34)]
 28047 | Spider:4 | Slain by an emperor scorpion

Skill      XL: |  1  2  3  4  5  6  7  8  9 10 11 12 13 14 15 16 17 18 |
---------------+-------------------------------------------------------+-----
Axes           | 4 5 6 7 8 9 11 13 15 16 18 | 18.2
Armour         | 3 4 5 6 8 9 11 12 13 14 16 17 | 17.7
Fighting       | 5 7 9 11 13 15 17 18 | 18.6
Shields        | 2 9 13 15 17 18 | 18.9
Evocations     | 4 5 6 |  6.8
Dodging        | |  2.1

Action                   |  1- 3 |  4- 6 |  7- 9 | 10-12 | 13-15 | 16-18 || total
-------------------------+-------+-------+-------+-------+-------+-------++-------
Melee: Hand axe          |   112 |   109 |   409 |   395 |       |       ||  1025
       Headbutt          |    10 |    16 |    67 |   145 |   254 |   113 ||   605
       Unarmed           |       |       |    16 |       |       |       ||    16
       Battleaxe         |       |       |       |   131 |       |       ||   131
       Morningstar       |       |       |       |     4 |       |       ||     4
       Broad axe         |       |       |       |    36 |  1164 |   433 ||  1633
       Scimitar          |       |       |       |    11 |       |       ||    11
Throw: Throwing net      |       |       |       |       |     2 |     1 ||     3
Invok: Berserk           |     1 |     5 |     6 |    11 |    16 |     2 ||    41
       Brothers in Arms  |       |       |     1 |     1 |     5 |     4 ||    11
       Trog's Hand       |       |       |       |     2 |       |     1 ||     3
  Use: Scroll            |       |       |     9 |     7 |    22 |     6 ||    44
       Potion            |       |       |       |       |     4 |     5 ||     9
 Stab: Invisible         |       |       |       |       |     3 |       ||     3
       Held in net/web   |       |       |       |       |       |     2 ||     2
  Eat: Chunk             |     1 |     8 |     5 |    19 |    35 |    18 ||    86
       Ration            |       |       |     7 |     3 |    15 |     2 ||    27
Armor: Chain mail        |    81 |    40 |   203 |     1 |    18 |   190 ||   533
       Plate armour      |       |       |       |   278 |   253 |       ||   531
Dodge: Dodged            |    41 |    43 |   192 |   185 |   132 |   124 ||   717
Block: Large shield      |       |       |       |    21 |   893 |   459 ||  1373
